Map: King's Cove LE

Players

czzhijian

  • Race: Terran Terran
  • League: Gold
  • Spawn Location: 5:00

terrofordian - Winner!

  • Race: Zerg Zerg
  • League: Master
  • Spawn Location: 11:00

VOD

Have the link to the VOD?

Description

Time

  • Played on: April 26, 2025, 9:37 a.m.
  • Length: 7:07
Show
View Real Time Build Order
Export as new Build Order

czzhijian Terran 

Build Orders:  

Get SALT Encoding   

  12  0:01  SCV  
  13  0:13  SCV  
  14  0:21  Supply Depot  
  14  0:25  SCV  
  15  0:34  Refinery  
  16  0:42  SCV  
  16  0:45  Supply Depot  
  16  0:54  SCV  
  17  1:05  Barracks  
  17  1:07  SCV  
  18  1:19  SCV, Refinery  
  19  1:31  SCV  
  20  1:34  Barracks  
  20  1:43  SCV  
  21  1:56  Factory  
  21  1:58  SCV  
  22  2:10  SCV  
  22  2:12  Barracks Tech Lab  
  23  2:22  SCV  
  24  2:24  Marine  
  25  2:32  Supply Depot  
  25  2:35  Marine  
  26  2:47  Starport, Orbital Command  
  26  2:48  Marine  
  27  3:07  Hellion  
  29  3:15  Supply Depot  
  29  3:24  Medivac  
  29  3:25  Armory  
  31  3:28  Marine  
  31  3:30  Hellion  
  34  3:51  Hellion  
  36  4:20  Siege Tank  
  36  4:22  Medivac  
  36  5:22  Thor  
  36  5:23  Marine x2  
  44  5:59  Medivac  
  46  6:07  Supply Depot  
  46  6:08  Supply Depot  
  46  6:22  Marine  
  47  6:29  Marine  
  48  6:32  Medivac  
Show
View Real Time Build Order
Export as new Build Order

terrofordian Zerg - Winner!

Build Orders: Hatch First 

Get SALT Encoding   

  12  0:00  Drone  
  13  0:13  Overlord  
  13  0:26  Drone  
  14  0:32  Drone x2  
  16  0:37  Drone  
  17  0:52  Drone  
  18  1:11  Hatchery  
  18  1:12  Spawning Pool  
  16  1:27  Drone  
  17  1:35  Drone x2  
  17  1:38  Overlord  
  19  1:42  Extractor  
  18  1:59  Drone  
  19  2:07  Zergling x2  
  20  2:21  Queen  
  22  2:26  Spine Crawler  
  22  2:27  Drone  
  22  2:29  Queen, Spine Crawler  
  23  2:36  Zergling x2  
  26  2:37  Zergling x4  
  26  2:42  Zergling x2  
  27  2:57  Drone  
  28  3:02  Drone  
  29  3:14  Drone x3  
  29  3:17  Drone  
  33  3:22  Queen  
  35  3:29  Lair  
  35  4:10  Queen  
  35  4:11  Spine Crawler  
  36  4:17  Overlord x7  
  36  4:22  Metabolic Boost  
  36  4:38  Zergling x12  
  38  4:39  Zergling x2  
  38  4:41  Zergling x2  
  43  4:46  Queen  
  43  4:51  Zergling x6  
  43  4:52  Zergling x2  
  40  5:16  Zergling x2  
  40  5:17  Hatchery  
  40  5:24  Drone  
  40  5:37  Zergling x2  
  40  5:38  Zergling x14  
  46  5:58  Zergling x8  
  50  6:07  Zergling x4  
  52  6:28  Queen  
  54  6:37  Zergling x18  
Tags
 
Matchup
TvZ
Spawn Locations
Cross Positions
Add a new tag
Caveats
  • Supply blocks, unpowered buildings, or Contaminate may cause inaccurate times.
  • Supply counts are checked every 10 seconds.